[Event "Titled Tuesday Blitz May 23 Early 2023"]
[White "GMFYHR1"]
[Black "Silva Rosas, Natalia"]
[BlackFideId "3000575"]
[WhiteElo "2399"]
[BlackElo "1651"]
[Result "1-0"]
[Round "02"]
[TimeControl "180+2"]
[Date "2023.05.23"]
[WhiteClock "0:00:30"]
[BlackClock "0:00:11"]

1. e4 c5 2. Nf3 e6 3. d4 cxd4 4. Nxd4 a6 5. Bd3 Qc7 6. O-O Bd6 7. h3 Nf6 8. Nc3 b5 9. Bxb5 Bh2+ 10. Kh1 Be5 11. Be2 Bb7 12. f4 Bxd4 13. Qxd4 Nc6 14. Qc4 O-O 15. e5 d5 16. Qd3 Nb4 17. Qg3 Ne4 18. Nxe4 dxe4 19. c3 Nc2 20. Rb1 Qb6 21. Bd1 Na3 22. Ra1 Nc4 23. b3 Na5 24. Be3 Qc6 25. c4 f5 26. exf6 Rxf6 27. Bc2 Rg6 28. Qf2 Rf8 29. Rad1 e5 30. Rd5 Qc7 31. Rxe5 Qxe5 32. fxe5 Rxf2 33. Rxf2 Bc6 34. Bc5 h6 35. Rf8+ Kh7 36. Rf4 Nb7 37. Be3 Nd8 38. Rxe4 Bxe4 39. Bxe4 Ne6 40. c5 Ng5 41. Bxg5 hxg5 42. c6 Kh6 43. Bxg6 Kxg6 44. c7 1-0


[Site "https://www.chess.com"]

[Event "Titled Tuesday Blitz May 23 Early 2023"]
[White "Zemlyanskii, Ivan"]
[Black "Sarana, Alexey"]
[WhiteFideId "24249971"]
[BlackFideId "24133795"]
[WhiteElo "2421"]
[BlackElo "2714"]
[Result "0-1"]
[Round "03"]
[TimeControl "180+2"]
[Date "2023.05.23"]
[WhiteClock "0:00:00"]
[BlackClock "0:00:06"]

1. d4 d5 2. Bf4 Nf6 3. e3 c5 4. c3 Nc6 5. Nf3 Qb6 6. Qc2 g6 7. dxc5 Qxc5 8. Nbd2 Bg7 9. h3 O-O 10. Be2 Re8 11. Ne5 Nd7 12. Nxd7 Bxd7 13. O-O e5 14. Bg3 Rac8 15. Qb3 Na5 16. Qd1 Qb6 17. Nb3 Be6 18. Nxa5 Qxa5 19. Bf3 Red8 20. Bh4 Rd7 21. Qb1 d4 22. exd4 exd4 23. cxd4 Bxd4 24. Qe4 Bf5 25. Qf4 Be5 26. Qe3 Bd4 27. Qf4 Bxb2 28. Rad1 Qc7 29. Qb4 Bc3 30. Qb3 Rxd1 31. Rxd1 b6 32. Bd5 Be5 33. g4 Bc2 34. Rc1 Bh2+ 35. Kg2 Bxb3 0-1


[Site "https://www.chess.com"]

[Event "Titled Tuesday Blitz May 23 Early 2023"]
[White "Dubov, Daniil"]
[Black "Karthik Rajaa"]
[WhiteFideId "24126055"]
[BlackFideId "25035215"]
[WhiteElo "2793"]
[BlackElo "2215"]
[Result "1-0"]
[Round "03"]
[TimeControl "180+2"]
[Date "2023.05.23"]
[WhiteClock "0:00:31"]
[BlackClock "0:00:00"]

1. e4 Nf6 2. e5 Nd5 3. Nc3 Nxc3 4. bxc3 d5 5. d4 Bf5 6. Rb1 Qc8 7. Bd3 Bxd3 8. cxd3 e6 9. Qg4 Nd7 10. Nf3 b6 11. O-O h6 12. c4 Qb7 13. h4 Qc6 14. Be3 dxc4 15. dxc4 O-O-O 16. d5 exd5 17. Nd4 Qg6 18. Qh3 Kb7 19. e6 Nc5 20. h5 Qf6 21. Rfc1 Nxe6 22. Nc6 d4 23. Nxd8+ Qxd8 24. Qf3+ Kb8 25. Bd2 Qd7 26. a4 Bc5 27. a5 Nd8 28. axb6 axb6 29. Ra1 Qc6 30. Qb3 Ne6 31. Qa2 Qb7 32. Re1 Rd8 33. Re5 d3 34. Rd5 Rxd5 35. cxd5 Nd4 36. Qc4 Ne2+ 37. Kf1 Nd4 38. Re1 Qc8 39. Qxd3 Qd7 40. Bc3 Qxd5 41. Rd1 Qxh5 42. Bxd4 Qh1+ 43. Ke2 Qh5+ 44. Qf3 1-0


[Site "https://www.chess.com"]

[Event "Titled Tuesday Blitz May 23 Early 2023"]
[White "Weetik, Vjacheslav"]
[Black "Martinez Alcantara, Jose Eduardo"]
[WhiteFideId "4153472"]
[BlackFideId "3805662"]
[WhiteElo "2469"]
[BlackElo "2711"]
[Result "0-1"]
[Round "03"]
[TimeControl "180+2"]
[Date "2023.05.23"]
[WhiteClock "0:00:00"]
[BlackClock "0:00:12"]

1. d4 Nf6 2. c4 e6 3. g3 Bb4+ 4. Bd2 c5 5. Bxb4 cxb4 6. Bg2 a5 7. e4 d6 8. Nd2 O-O 9. Ne2 e5 10. O-O Nc6 11. d5 Nb8 12. a3 bxa3 13. Rxa3 Na6 14. Nc3 Bd7 15. h3 Nc5 16. Kh2 b6 17. Qc2 Rc8 18. Raa1 h5 19. f4 Re8 20. fxe5 Rxe5 21. Nf3 Re8 22. Rae1 b5 23. e5 dxe5 24. Nxe5 b4 25. Nxd7 Qxd7 26. Nb5 Rxe1 27. Rxe1 Re8 28. Rxe8+ Qxe8 29. Qf2 Nfd7 30. d6 Qe5 31. Bd5 Ne6 32. Kg2 h4 33. Bxe6 Qxe6 34. gxh4 Qxc4 35. Qf5 Qe2+ 36. Kg3 Qe3+ 37. Kg2 Nf8 38. Qe5 Qxe5 0-1


[Site "https://www.chess.com"]

[Event "Titled Tuesday Blitz May 23 Early 2023"]
[White "Samunenkov, Ihor"]
[Black "Grischuk, Alexander"]
[WhiteFideId "14187086"]
[BlackFideId "4126025"]
[WhiteElo "2457"]
[BlackElo "2721"]
[Result "0-1"]
[Round "03"]
[TimeControl "180+2"]
[Date "2023.05.23"]
[WhiteClock "0:00:00"]
[BlackClock "0:00:09"]

1. d4 g6 2. Nf3 Bg7 3. g3 c5 4. dxc5 Na6 5. Bg2 Nxc5 6. O-O b6 7. Nd4 Bb7 8. Bxb7 Nxb7 9. e4 h5 10. h3 Rc8 11. Nc3 Nc5 12. Re1 d6 13. Nd5 e6 14. Nb4 a5 15. Nbc6 Qd7 16. b4 axb4 17. Nxb4 Nf6 18. Qf3 e5 19. Nb3 Qxh3 20. Bg5 Nh7 21. Be3 h4 22. Rad1 hxg3 23. Qxg3 Qxg3+ 24. fxg3 Nxe4 25. Bxb6 Nhg5 26. Kg2 Rc4 27. a3 O-O 28. Rd3 Rfc8 29. Red1 f5 30. Na5 Rxc2+ 31. Nxc2 Rxc2+ 32. Kg1 f4 33. gxf4 exf4 34. Nb7 f3 35. Nxd6 Rg2+ 36. Kf1 Ng3+ 0-1


[Site "https://www.chess.com"]

[Event "Titled Tuesday Blitz May 23 Early 2023"]
[White "Bortnyk, Olexandr"]
[Black "Papasimakopoulos, Alexandros"]
[WhiteFideId "14120828"]
[BlackFideId "4244125"]
[WhiteElo "2734"]
[BlackElo "2359"]
[Result "1-0"]
[Round "03"]
[TimeControl "180+2"]
[Date "2023.05.23"]
[WhiteClock "0:00:04"]
[BlackClock "0:00:05"]

1. e4 e6 2. d4 d5 3. Nc3 Bb4 4. Qd3 dxe4 5. Qxe4 Nf6 6. Qh4 Nc6 7. Nf3 Ne7 8. Bd3 Nf5 9. Bxf5 exf5 10. O-O Bxc3 11. bxc3 Be6 12. Bg5 h6 13. Rfe1 O-O 14. Bxf6 Qxf6 15. Qxf6 gxf6 16. Nd2 c5 17. dxc5 Rfc8 18. Nb3 Kf8 19. f3 b6 20. Kf2 bxc5 21. Nc1 Rab8 22. Nd3 Bc4 23. Re2 a5 24. a4 Rc7 25. Rd1 Bxd3 26. Rxd3 Rb2 27. Rd8+ Kg7 28. Ra8 Ra2 29. Rxa5 Ra3 30. Re3 f4 31. Rd3 c4 32. Rd2 Rxc3 33. Rf5 Ra3 34. a5 Ra2 35. h4 c3 36. Re2 Ra4 37. Re4 Ra2 38. Re2 Ra4 39. Kg1 Ra7 40. Rc5 R7xa5 41. Rxc3 Re5 42. Kf2 Ra7 43. Rc4 Ra2 44. Rd2 Rf5 45. Rd8 Rh5 46. Rxf4 Rxc2+ 47. Kg3 Re5 48. Rg4+ Kh7 49. Rdg8 h5 50. R4g7+ Kh6 51. Rxf7 Re6 52. Kf4 Ra6 53. Rgg7 Rc4+ 54. Kg3 Rc2 55. Rh7+ Kg6 56. Rfg7+ Kf5 57. Rxh5+ Ke6 58. Rb5 Rd2 59. h5 Rd1 60. Kh2 Rd4 61. Kh3 Rd1 62. g4 Rh1+ 63. Kg3 Rg1+ 64. Kf2 Rh1 65. Rgb7 Ra2+ 66. Kg3 Rg1+ 67. Kf4 Ra4+ 68. Rb4 Rga1 69. Rxa4 Rxa4+ 70. Kg3 f5 71. Rb6+ Kf7 72. g5 Kg7 73. Rb7+ Kg8 74. h6 Ra6 75. Kf4 Kh8 76. Re7 Ra5 77. g6 Ra8 78. Kxf5 Rf8+ 79. Kg5 Rb8 80. f4 Kg8 81. f5 Kh8 82. Rd7 Ra8 83. Rd5 Kg8 84. h7+ Kh8 85. Kh6 Ra6 86. Rd8# 1-0


[Site "https://www.chess.com"]

[Event "Titled Tuesday Blitz May 23 Early 2023"]
[White "Vakhlamov, Igor L."]
[Black "Paravyan, David"]
[WhiteFideId "24126748"]
[BlackFideId "4194985"]
[WhiteElo "2407"]
[BlackElo "2563"]
[Result "1/2-1/2"]
[Round "03"]
[TimeControl "180+2"]
[Date "2023.05.23"]
[WhiteClock "0:00:37"]
[BlackClock "0:00:29"]

1. e4 e5 2. Nf3 Nf6 3. Nc3 Nc6 4. Bb5 Nd4 5. Nxd4 exd4 6. e5 dxc3 7. exf6 Qxf6 8. dxc3 Bc5 9. O-O O-O 10. a4 a6 11. Bd3 d6 12. Qd2 Bd7 13. Qf4 Qxf4 14. Bxf4 Rfe8 15. a5 Re7 16. Rfe1 Rxe1+ 17. Rxe1 Be6 18. h4 h6 19. Kf1 Kf8 20. b3 Re8 21. f3 Ba7 22. Be4 d5 23. Bd3 Bb8 24. b4 c6 25. Bxb8 Rxb8 26. Kf2 Ke7 27. Ke3 Kd6 28. Kd4 Rc8 29. Rb1 g5 30. hxg5 hxg5 31. c4 dxc4 32. Bxc4 Rh8 33. Bxe6 fxe6 34. Rd1 Rh4+ 35. g4 Rh2 36. c3 e5+ 37. Ke4+ Ke6 38. Rd8 Re2+ 39. Kd3 Rf2 40. Ke3 Rc2 41. Kd3 Rf2 42. Ke4 Re2+ 43. Kd3 Rf2 1/2-1/2


[Site "https://www.chess.com"]

[Event "Titled Tuesday Blitz May 23 Early 2023"]
[White "Madaminov, Mukhiddin"]
[Black "Nazari, Arad"]
[WhiteFideId "14210703"]
[BlackFideId "12577324"]
[WhiteElo "2511"]
[BlackElo "2175"]
[Result "1-0"]
[Round "03"]
[TimeControl "180+2"]
[Date "2023.05.23"]
[WhiteClock "0:00:40"]
[BlackClock "0:00:00"]

1. d4 Nf6 2. Nc3 d5 3. Bf4 c5 4. e4 Nxe4 5. Nxe4 dxe4 6. dxc5 Qa5+ 7. c3 Qxc5 8. Qa4+ Nc6 9. Qxe4 g6 10. Nf3 Bg7 11. Qe3 Qxe3+ 12. Bxe3 a6 13. Bc4 b5 14. Bd5 Bb7 15. O-O-O O-O 16. Nd4 Rfc8 17. Nxc6 Bxc6 18. Bxc6 Rxc6 19. Rd7 b4 20. Rhd1 Bf6 21. Kc2 bxc3 22. Rd8+ Rxd8 23. Rxd8+ Kg7 24. b4 g5 25. Rd5 Kg6 26. a3 e6 27. Rc5 Rxc5 28. bxc5 Be5 29. c6 Kf6 30. Bc5 h5 31. Bd4 1-0


[Site "https://www.chess.com"]

[Event "Titled Tuesday Blitz May 23 Early 2023"]
[White "Martinez Ramirez, Lennis"]
[Black "Lenderman, Aleksandr"]
[WhiteFideId "3509079"]
[BlackFideId "2021285"]
[WhiteElo "2410"]
[BlackElo "2607"]
[Result "0-1"]
[Round "03"]
[TimeControl "180+2"]
[Date "2023.05.23"]
[WhiteClock "0:00:00"]
[BlackClock "0:01:08"]

1. c4 b6 2. Nc3 Bb7 3. Nf3 c5 4. g3 Nf6 5. Bg2 e6 6. O-O Be7 7. Re1 d5 8. cxd5 Nxd5 9. d4 cxd4 10. Nxd5 Bxd5 11. Qxd4 Bf6 12. Qf4 O-O 13. e4 Bb7 14. e5 Be7 15. Qg4 Qd3 16. Bg5 Bxg5 17. Rad1 Qg6 18. Nxg5 Bxg2 19. Kxg2 Nc6 20. Rd6 Rac8 21. Qf4 Ne7 22. h4 Nd5 23. Qa4 Rc2 24. Qe4 Rxb2 25. Qxg6 hxg6 26. a4 Ra2 27. Re4 Rc2 28. Rd7 a5 29. Rd4 Ne3+ 30. Kf3 Nf5 31. Rd3 Rc5 32. Rb7 Rxe5 33. Rdd7 Nh6 34. Ne4 Rf5+ 35. Ke3 Ng4+ 36. Ke2 Nf6 0-1


[Site "https://www.chess.com"]

[Event "Titled Tuesday Blitz May 23 Early 2023"]
[White "Ashraf, Artin"]
[Black "Svane, Rasmus"]
[WhiteFideId "22514805"]
[BlackFideId "4657101"]
[WhiteElo "2188"]
[BlackElo "2601"]
[Result "1-0"]
[Round "03"]
[TimeControl "180+2"]
[Date "2023.05.23"]
[WhiteClock "0:00:11"]
[BlackClock "0:00:00"]

1. c4 e6 2. Nf3 d5 3. e3 Nf6 4. Nc3 dxc4 5. Bxc4 a6 6. d4 b5 7. Bd3 Bb7 8. Qc2 Nbd7 9. Ne4 Rc8 10. Nxf6+ Nxf6 11. O-O c5 12. dxc5 Rxc5 13. Qe2 Bxf3 14. gxf3 Bd6 15. f4 g5 16. b4 Rd5 17. e4 Rd4 18. e5 Bxb4 19. exf6 Rxd3 20. fxg5 Qd5 21. Be3 O-O 22. Rad1 Rd8 23. Rxd3 Qxd3 24. Qg4 Qc4 25. Qh5 Bc5 26. Rc1 Qxc1+ 27. Bxc1 b4 28. Be3 Bf8 29. Qf3 Rd5 30. h4 a5 31. h5 a4 32. Qe4 b3 33. axb3 axb3 34. Qb1 Rb5 35. g6 hxg6 36. hxg6 b2 37. Kg2 Ba3 38. g7 Bd6 39. Qh1 1-0


[Site "https://www.chess.com"]

[Event "Titled Tuesday Blitz May 23 Early 2023"]
[White "Demchenko, Anton"]
[Black "Radzhabov, Rodion"]
[WhiteFideId "4160258"]
[BlackFideId "884715"]
[WhiteElo "2545"]
[BlackElo "2215"]
[Result "1-0"]
[Round "03"]
[TimeControl "180+2"]
[Date "2023.05.23"]
[WhiteClock "0:00:17"]
[BlackClock "0:00:00"]

1. e4 c5 2. Nc3 Nc6 3. Bb5 Nd4 4. a4 e6 5. Nf3 Nxf3+ 6. Qxf3 a6 7. Bc4 Qc7 8. d3 Ne7 9. Bf4 d6 10. O-O Nc6 11. Qg3 Ne5 12. Bb3 Bd7 13. Be3 h5 14. h3 h4 15. Qh2 c4 16. dxc4 Nxc4 17. Bxc4 Qxc4 18. Rad1 b5 19. axb5 axb5 20. Rd4 Qc6 21. Rfd1 Be7 22. Kh1 Rh5 23. f3 Rb8 24. R4d2 b4 25. Ne2 Rc8 26. Nf4 Ra5 27. Nd3 Qb7 28. Bf4 e5 29. Be3 Be6 30. Qg1 Ra6 31. Qf2 Rac6 32. f4 f6 33. Qxh4 Rxc2 34. Qh5+ Bf7 35. Qh8+ Bf8 36. fxe5 dxe5 37. Rxc2 Rxc2 38. Bc5 Rxc5 39. Nxc5 Qc6 40. Rc1 Bg6 41. Nd3 1-0


[Site "https://www.chess.com"]

[Event "Titled Tuesday Blitz May 23 Early 2023"]
[White "Gorovets, Andrey"]
[Black "Zakhartsov, Vladimir"]
[WhiteFideId "13504037"]
[BlackFideId "4145097"]
[WhiteElo "2459"]
[BlackElo "2495"]
[Result "1-0"]
[Round "03"]
[TimeControl "180+2"]
[Date "2023.05.23"]
[WhiteClock "0:00:27"]
[BlackClock "0:00:09"]

1. Nf3 c5 2. c4 Nc6 3. Nc3 g6 4. e3 Nf6 5. d4 d5 6. cxd5 Nxd5 7. Bc4 Nb6 8. Bb3 cxd4 9. exd4 Bg7 10. O-O O-O 11. d5 Na5 12. h3 Nxb3 13. axb3 Bxc3 14. bxc3 Qxd5 15. Bd2 Bf5 16. c4 Qd7 17. Re1 Rfd8 18. Qc1 f6 19. Bc3 e5 20. Nxe5 fxe5 21. Rxe5 Re8 22. Qe3 h5 23. Re1 Rxe5 24. Qxe5 Kh7 25. Qf6 Kh6 26. Re7 Qd1+ 27. Kh2 Rg8 28. f4 1-0


[Site "https://www.chess.com"]

[Event "Titled Tuesday Blitz May 23 Early 2023"]
[White "Svane, Frederik"]
[Black "Zhu, Jiner"]
[WhiteFideId "12923044"]
[BlackFideId "8608059"]
[WhiteElo "2502"]
[BlackElo "2384"]
[Result "1-0"]
[Round "03"]
[TimeControl "180+2"]
[Date "2023.05.23"]
[WhiteClock "0:01:08"]
[BlackClock "0:00:00"]

1. c4 e5 2. Nc3 Nf6 3. g3 d5 4. cxd5 Nxd5 5. Bg2 Nb6 6. Nf3 Nc6 7. O-O Be7 8. d3 O-O 9. a3 Be6 10. Be3 a5 11. Rc1 Nd5 12. Nxd5 Bxd5 13. Qa4 Re8 14. Rfe1 Bf8 15. Qb5 a4 16. Qxb7 Nd4 17. Qxc7 Nxf3+ 18. Bxf3 Bxf3 19. exf3 Qxd3 20. Qc4 Qg6 21. Qe4 Ra5 22. Rc4 Rb8 23. Bd2 Ra6 24. Qxe5 Qd3 25. Qxb8 Qxc4 26. Bb4 1-0


[Site "https://www.chess.com"]

[Event "Titled Tuesday Blitz May 23 Early 2023"]
[White "Stoleriu, George"]
[Black "Sjugirov, Sanan"]
[WhiteFideId "1227505"]
[BlackFideId "4189302"]
[WhiteElo "2308"]
[BlackElo "2569"]
[Result "0-1"]
[Round "03"]
[TimeControl "180+2"]
[Date "2023.05.23"]
[WhiteClock "0:00:02"]
[BlackClock "0:00:03"]

1. e4 c5 2. b3 d6 3. Bb2 e5 4. Bb5+ Bd7 5. Bxd7+ Qxd7 6. d3 Nc6 7. Ne2 Be7 8. O-O Bf6 9. Nd2 h5 10. Nc4 h4 11. h3 g5 12. Ne3 Nge7 13. Nc3 Bg7 14. Qg4 Qxg4 15. hxg4 Kd7 16. Ncd5 Nxd5 17. Nxd5 Ne7 18. Ne3 Rhb8 19. a4 b6 20. f3 a6 21. Kf2 Bf6 22. Rh1 Nc6 23. g3 b5 24. Bc3 Ke6 25. Nf5 c4 26. dxc4 bxc4 27. Rhd1 Nd4 28. gxh4 gxh4 29. Nxd4+ exd4 30. Bxd4 Bxd4+ 31. Rxd4 cxb3 32. cxb3 Rxb3 33. Rad1 Rb2+ 34. R1d2 Rxd2+ 35. Rxd2 Rb8 36. Kg2 Rb4 37. Kh3 Rb3 38. Rf2 Ke5 39. Kxh4 Kf4 40. Kh5 Rxf3 41. Rd2 Rh3# 0-1


[Site "https://www.chess.com"]

[Event "Titled Tuesday Blitz May 23 Early 2023"]
[White "Domingo Nunez, Ruben"]
[Black "Narayanan, Srinath"]
[WhiteFideId "22245570"]
[BlackFideId "5018420"]
[WhiteElo "2404"]
[BlackElo "2438"]
[Result "0-1"]
[Round "03"]
[TimeControl "180+2"]
[Date "2023.05.23"]
[WhiteClock "0:00:03"]
[BlackClock "0:00:51"]

1. c4 e5 2. g3 d6 3. Bg2 f5 4. Nc3 Nf6 5. e3 g6 6. Nge2 Bg7 7. d4 O-O 8. Rb1 Nc6 9. b4 exd4 10. exd4 Re8 11. O-O Ne4 12. Nxe4 fxe4 13. b5 Na5 14. Qa4 b6 15. Nc3 Bf5 16. Be3 a6 17. Rfc1 axb5 18. cxb5 d5 19. Bf1 Nc4 20. Qb3 Ra3 21. Qc2 Nxe3 22. fxe3 Bh6 23. Nxd5 Rxe3 24. Qxc7 Kh8 25. Bc4 Ra3 26. Re1 Qxc7 27. Nxc7 Rc8 28. g4 Rxc7 29. d5 Rxc4 30. gxf5 gxf5 31. d6 Rd4 32. Rbd1 Rad3 0-1


[Site "https://www.chess.com"]

[Event "Titled Tuesday Blitz May 23 Early 2023"]
[White "Drygalov, Andrey"]
[Black "Pacan-Milej, Kosma"]
[WhiteFideId "24171735"]
[BlackFideId "21800537"]
[WhiteElo "2466"]
[BlackElo "2302"]
[Result "1-0"]
[Round "03"]
[TimeControl "180+2"]
[Date "2023.05.23"]
[WhiteClock "0:01:32"]
[BlackClock "0:01:10"]

1. e4 c6 2. Nf3 d5 3. d3 dxe4 4. dxe4 Qxd1+ 5. Kxd1 Nd7 6. Nbd2 f5 7. exf5 Nc5 8. Nd4 Nh6 9. N2f3 Nxf5 10. Nxf5 Bxf5 11. Be3 O-O-O+ 12. Kc1 e6 13. Nd4 Bg6 14. Bc4 e5 15. Nf3 Bd6 16. Rd1 Bh5 17. Rxd6 Rxd6 18. Bxc5 Rdd8 19. b3 e4 20. Nd2 Rhe8 21. Bxa7 Kc7 22. Be3 b6 23. Kb2 c5 24. Re1 h6 25. a4 g5 26. Nb1 Rf8 27. Nc3 Bf7 28. Bxf7 Rxf7 29. Nxe4 Re8 30. Nc3 g4 31. Rd1 h5 32. Nb5+ Kb8 33. g3 Rf3 34. Bf4+ 1-0


[Site "https://www.chess.com"]

[Event "Titled Tuesday Blitz May 23 Early 2023"]
[White "Mendez Fortes, Eduardo Jesus"]
[Black "Matlakov, Maxim"]
[WhiteFideId "3502376"]
[BlackFideId "4168003"]
[WhiteElo "2307"]
[BlackElo "2666"]
[Result "0-1"]
[Round "03"]
[TimeControl "180+2"]
[Date "2023.05.23"]
[WhiteClock "0:00:48"]
[BlackClock "0:00:47"]

1. e4 c5 2. Nf3 e6 3. d4 cxd4 4. Nxd4 Nc6 5. Nc3 Qc7 6. Be3 a6 7. Qd2 Nf6 8. O-O-O Bb4 9. f3 O-O 10. a3 Be7 11. Bf2 b5 12. Bg3 Qb6 13. Nb3 d6 14. Qf2 Qc7 15. Nd4 Bb7 16. Ndxb5 axb5 17. Nxb5 Qa5 18. Bxd6 Bxd6 19. Nxd6 Ba6 20. Bxa6 Qxa6 21. Qc5 Rfb8 22. Rd3 Nd7 23. Qc3 Nde5 24. Rd2 h6 25. f4 Ng6 26. g3 Nge7 27. f5 Qa5 28. Qxa5 Rxa5 29. fxe6 fxe6 30. Nc4 Rc5 31. b3 Ng6 32. Rhd1 Kh7 33. Rd7 Nge5 34. Nxe5 Nxe5 35. Re7 Rxb3 36. Rxe6 Rbc3 37. Rd2 Nf3 38. Rf2 Nd4 39. Rd6 Nxc2 40. Kb2 Nxa3 41. Rd7 Re3 42. Rff7 Rc2+ 43. Ka1 Re1+ 0-1


[Site "https://www.chess.com"]

[Event "Titled Tuesday Blitz May 23 Early 2023"]
[White "Fridman, Daniel"]
[Black "Vlassov, Nikolai"]
[WhiteFideId "11600454"]
[BlackFideId "4103360"]
[WhiteElo "2525"]
[BlackElo "2324"]
[Result "1-0"]
[Round "03"]
[TimeControl "180+2"]
[Date "2023.05.23"]
[WhiteClock "0:00:46"]
[BlackClock "0:00:00"]

1. d4 Nf6 2. Nf3 e6 3. c4 Nc6 4. g3 Bb4+ 5. Bd2 a5 6. Bg2 d6 7. O-O e5 8. Bg5 exd4 9. Nxd4 Ne5 10. a3 Bc5 11. Nb3 Bb6 12. c5 dxc5 13. Qxd8+ Kxd8 14. Nc3 Nd7 15. Na4 Ke8 16. Rac1 h6 17. Bxf6 Nxf6 18. Nbxc5 Bxc5 19. Rxc5 c6 20. Nb6 Rb8 21. Rxa5 Be6 22. Rd1 Ke7 23. Rc5 Rhd8 24. Rcc1 Bb3 25. Rd3 Rxd3 26. exd3 Kd6 27. Nc4+ Kc7 28. Rc3 Ba2 29. Kf1 Re8 30. Bf3 Re6 31. b3 Kd7 32. Nd2 Rd6 33. Be2 b5 34. Rc2 Bxb3 35. Nxb3 Nd5 36. Bf3 Nb6 37. Ke2 Na4 38. Nc5+ Nxc5 39. Rxc5 Kc7 40. d4 Kb6 41. Kd3 Rf6 42. Ke3 Re6+ 43. Be4 g6 44. g4 h5 45. h3 hxg4 46. hxg4 1-0


[Site "https://www.chess.com"]

[Event "Titled Tuesday Blitz May 23 Early 2023"]
[White "Simonian, Hrair"]
[Black "Durarbayli, Vasif"]
[WhiteFideId "13302337"]
[BlackFideId "13402935"]
[WhiteElo "2447"]
[BlackElo "2551"]
[Result "1-0"]
[Round "03"]
[TimeControl "180+2"]
[Date "2023.05.23"]
[WhiteClock "0:00:38"]
[BlackClock "0:00:00"]

1. e4 c5 2. Nc3 d6 3. Nge2 Nf6 4. g3 g6 5. Bg2 Bg7 6. O-O Nc6 7. d3 O-O 8. Bg5 Rb8 9. Qd2 b5 10. Bh6 b4 11. Nd5 Nxd5 12. exd5 Ne5 13. Bxg7 Kxg7 14. d4 Nc4 15. Qd3 Nxb2 16. Qb3 Ba6 17. Qxb2 Bxe2 18. dxc5+ Kg8 19. Rfe1 Bg4 20. c6 Qc7 21. Qd4 Bf5 22. Re2 e5 23. dxe6 Bxe6 24. h4 Rb5 25. a3 Qb6 26. Qxd6 Rd8 27. Qe7 Bg4 28. Re4 Rf5 29. c7 Rc8 30. Rxg4 Qxf2+ 31. Kh2 Qxc2 32. Qd8+ 1-0


[Site "https://www.chess.com"]

[Event "Titled Tuesday Blitz May 23 Early 2023"]
[White "MKlose11"]
[Black "Drygalov, Sergey"]
[BlackFideId "24171743"]
[WhiteElo "2668"]
[BlackElo "2533"]
[Result "1-0"]
[Round "03"]
[TimeControl "180+2"]
[Date "2023.05.23"]
[WhiteClock "0:00:20"]
[BlackClock "0:00:01"]

1. e4 c5 2. Nc3 d6 3. g3 Nf6 4. Bg2 g6 5. d3 Nc6 6. h3 Rb8 7. Be3 b5 8. Qd2 b4 9. Nd1 Bg7 10. Bh6 Bxh6 11. Qxh6 a5 12. Ne2 Ba6 13. Ne3 Nd4 14. Nxd4 cxd4 15. Nd5 Nxd5 16. exd5 Rc8 17. Rc1 Kd7 18. O-O e5 19. dxe6+ fxe6 20. Qg7+ Qe7 21. Qxd4 Rc7 22. Rfe1 Rb8 23. Bd5 e5 24. Qg4+ Kd8 25. d4 Ke8 26. dxe5 dxe5 27. Qf3 Bb7 28. Rcd1 Rd8 29. Bxb7 Rxb7 30. Rxd8+ Kxd8 31. Qd5+ Kc8 32. Rxe5 Qd7 33. Qxa5 Kb8 34. Qd5 Qc7 35. Re8+ Ka7 36. Qd4+ Ka6 37. Re6+ Ka5 38. Qe5+ Qxe5 39. Rxe5+ Ka4 40. Re4 Ka5 41. Kg2 Rc7 42. Re2 Kb5 43. Kf3 Rf7+ 44. Kg4 Rf5 45. f4 h5+ 46. Kh4 Kc6 47. Re6+ Kc7 48. Rxg6 Rc5 49. c3 Ra5 50. cxb4 Rxa2 51. Kxh5 Rxb2 52. Kg5 Rxb4 53. g4 Kd7 54. f5 Ke7 55. h4 Kf7 56. h5 Rb8 57. h6 Ra8 58. Rg7+ Kf8 59. Kg6 Ra4 60. g5 Rh4 61. h7 Ke8 62. Rg8+ Ke7 63. h8=Q Rxh8 64. Rxh8 Kd7 65. f6 Kc6 66. f7 Kc5 67. f8=Q+ Kd5 68. Rh7 Ke6 69. Re7+ Kd5 70. Qd8+ Kc6 71. Rc7+ Kb5 72. Qb8+ Ka6 73. Ra7# 1-0


[Site "https://www.chess.com"]

[Event "Titled Tuesday Blitz May 23 Early 2023"]
[White "caropawn10"]
[Black "Hansen, Eric"]
[BlackFideId "2606771"]
[WhiteElo "2658"]
[BlackElo "2561"]
[Result "1-0"]
[Round "03"]
[TimeControl "180+2"]
[Date "2023.05.23"]
[WhiteClock "0:00:19"]
[BlackClock "0:00:03"]

1. c4 c6 2. Nf3 d5 3. g3 Nf6 4. Bg2 dxc4 5. O-O Nbd7 6. Qc2 Nb6 7. a4 a5 8. Na3 Qd5 9. Ne1 Qf5 10. d3 e5 11. Nxc4 Nxc4 12. Qxc4 Ra6 13. Nf3 Bd6 14. Be3 Be6 15. Qc2 O-O 16. Nh4 Qh5 17. h3 Bd5 18. Qd2 Bb4 19. Qc1 Qxe2 20. Bg5 Bxg2 21. Kxg2 Nd5 22. Nf3 f6 23. Be3 Qxd3 24. Rd1 Nxe3+ 25. Qxe3 Qxe3 26. fxe3 Rb6 27. Rd7 Rf7 28. Rd8+ Bf8 29. Rb1 g6 30. b3 Rb4 31. Nd2 b5 32. Rc1 bxa4 33. bxa4 Rxa4 34. Rxc6 Kg7 35. g4 Be7 36. Rd5 Ra2 37. Kg3 a4 38. Ra6 Bb4 39. Nf3 e4 40. Nd4 g5 41. h4 Be1+ 42. Kh3 gxh4 43. Nf5+ Kg6 44. Ra8 h5 45. gxh5+ Kxh5 46. Rg8 Rc7 47. Ng3+ Kh6 48. Rh5# 1-0


[Site "https://www.chess.com"]

[Event "Titled Tuesday Blitz May 23 Early 2023"]
[White "Quesada Perez, Yuniesky"]
[Black "Schnaider, Ilan"]
[WhiteFideId "3504409"]
[BlackFideId "169013"]
[WhiteElo "2585"]
[BlackElo "2224"]
[Result "1-0"]
[Round "03"]
[TimeControl "180+2"]
[Date "2023.05.23"]
[WhiteClock "0:00:08"]
[BlackClock "0:00:01"]

1. e4 c5 2. Nf3 d6 3. d4 cxd4 4. Nxd4 Nf6 5. Nc3 a6 6. Be3 Ng4 7. Bc1 Nc6 8. h3 Nf6 9. Be3 e5 10. Nb3 Be7 11. g4 Be6 12. g5 Nd7 13. Qd2 Rc8 14. Nd5 Nc5 15. Nxc5 dxc5 16. O-O-O Nd4 17. Bg2 Bxd5 18. exd5 Nf5 19. h4 Nd6 20. Qe2 b5 21. Kb1 Qa5 22. Bd2 b4 23. Qxe5 Rc7 24. Qxg7 Rf8 25. Rhe1 c4 26. Bf4 b3 27. cxb3 cxb3 28. a3 Kd8 29. Rxe7 Rxe7 30. Qxf8+ Ne8 31. Qh8 Re1 32. Qd4 Rxd1+ 33. Qxd1 Qc5 34. Qxb3 Qxf2 35. Qb8+ Ke7 36. Qe5+ Kf8 37. Qh8+ Ke7 38. d6+ Kd8 39. d7 Kxd7 40. Bh3+ Ke7 41. Qe5+ Kf8 42. Ka2 Qg1 43. Bf5 Qd1 44. Be4 Qd8 45. Bd5 Qd7 46. h5 Ng7 47. g6 Nf5 48. gxh7 f6 49. h8=Q# 1-0


[Site "https://www.chess.com"]

[Event "Titled Tuesday Blitz May 23 Early 2023"]
[White "Galchenko, Matvey"]
[Black "Maltsevskaya, Aleksandra"]
[WhiteFideId "24175480"]
[BlackFideId "24174041"]
[WhiteElo "2423"]
[BlackElo "2302"]
[Result "1/2-1/2"]
[Round "03"]
[TimeControl "180+2"]
[Date "2023.05.23"]
[WhiteClock "0:00:09"]
[BlackClock "0:00:07"]

1. f4 c5 2. Nf3 e6 3. g3 d5 4. Bg2 Nc6 5. O-O b6 6. d3 Bb7 7. Nc3 Nf6 8. e4 dxe4 9. dxe4 Qxd1 10. Rxd1 Nb4 11. Ne1 Rd8 12. Rxd8+ Kxd8 13. a3 Nc6 14. e5 Ne8 15. Be3 Nc7 16. Rd1+ Kc8 17. Ne4 Nd5 18. Bf2 c4 19. Ng5 Nd8 20. Nef3 h6 21. Ne4 Be7 22. Nd6+ Bxd6 23. exd6 Nc6 24. Bh3 f5 25. Re1 Kd7 26. Nd4 Nxd4 27. Bxd4 Rg8 28. Bf1 b5 29. Bxa7 g5 30. fxg5 Rxg5 31. b3 f4 32. Kf2 fxg3+ 33. hxg3 Rf5+ 34. Kg1 Rf3 35. bxc4 bxc4 36. Bxc4 Rxg3+ 37. Kf2 Rxa3 38. Bc5 Rc3 39. Bb5+ Bc6 40. Bxc6+ Kxc6 41. Bd4 Rxc2+ 42. Kf3 Kxd6 43. Rh1 Rc4 44. Bg7 Rf4+ 45. Ke2 Rg4 46. Bxh6 e5 47. Kf3 Rc4 48. Bf8+ Ke6 49. Rh6+ Kf5 50. Rh5+ Kf6 51. Rh6+ Kf7 52. Rh8 e4+ 53. Ke2 Rc2+ 54. Kd1 Ne3+ 55. Ke1 Rc8 56. Rh7+ Kg6 57. Rg7+ Kf6 58. Rg8 Kf7 59. Rg3 Nc2+ 60. Kd2 Kxf8 61. Rc3 Rxc3 62. Kxc3 Ke7 63. Kxc2 Ke6 64. Kd2 Kd5 65. Ke3 Ke5 66. Ke2 Kd4 67. Kd2 e3+ 68. Ke2 Ke4 69. Ke1 Kd3 70. Kd1 e2+ 71. Ke1 Ke3 1/2-1/2


[Site "https://www.chess.com"]